Map: Terraform LE (Void)

Players

ImotoFantasy

  • Race: Protoss Protoss
  • League: Platinum

Seigifried - Winner!

  • Race: Protoss Protoss
  • League: Platinum

VOD

Have the link to the VOD?

Description

Time

  • Played on: Oct. 26, 2015, 11:33 p.m.
  • Length: 5:37
Show
View Real Time Build Order
Export as new Build Order

ImotoFantasy Protoss 

Build Orders: Phoenix Opening 

Get SALT Encoding   

  12  0:01  Probe (Chrono Boost)  
  13  0:11  Probe (Chrono Boost)  
  14  0:20  Pylon  
  14  0:22  Probe (Chrono Boost)  
  15  0:38  Probe (Chrono Boost)  
  15  0:41  Gateway  
  16  0:49  Probe (Chrono Boost), Assimilator  
  17  0:52  Assimilator  
  17  0:59  Probe (Chrono Boost)  
  18  1:10  Probe (Chrono Boost)  
  19  1:20  Probe (Chrono Boost)  
  20  1:29  Cybernetics Core  
  20  1:31  Probe (Chrono Boost)  
  21  1:38  Pylon  
  21  1:41  Probe (Chrono Boost)  
  22  1:52  Probe (Chrono Boost)  
  23  2:05  Stalker (Chrono Boost), Warp Gate (Chrono Boost)  
  23  2:07  Probe  
  26  2:19  Stargate  
  26  2:34  Gateway  
  26  2:37  Gateway  
  26  2:57  Stalker  
  28  3:03  Pylon  
  28  3:09  Phoenix (Chrono Boost)  
  30  3:16  Pylon  
  30  3:24  Stalker x2  
  34  3:41  Stalker  
  36  3:52  Phoenix (Chrono Boost)  
  38  4:16  Phoenix (Chrono Boost)  
  40  4:18  Pylon  
  40  4:37  Stalker, Zealot x2  
  40  4:38  Phoenix (Chrono Boost)  
  48  4:58  Stalker x2  
  50  5:07  Stalker  
  42  5:22  Stalker x2  
Show
View Real Time Build Order
Export as new Build Order

Seigifried Protoss - Winner!

Build Orders: Blink Stalkers 

Get SALT Encoding   

  12  0:01  Probe (Chrono Boost)  
  13  0:12  Probe (Chrono Boost)  
  14  0:19  Pylon  
  14  0:22  Probe (Chrono Boost)  
  15  0:38  Gateway  
  15  0:43  Probe (Chrono Boost)  
  15  0:44  Assimilator  
  16  0:54  Probe (Chrono Boost)  
  17  1:04  Probe (Chrono Boost), Assimilator  
  18  1:16  Pylon  
  18  1:19  Probe (Chrono Boost)  
  19  1:30  Probe (Chrono Boost)  
  20  1:35  Cybernetics Core  
  20  1:44  Probe (Chrono Boost)  
  21  1:55  Probe (Chrono Boost)  
  22  2:05  Probe (Chrono Boost)  
  23  2:13  Warp Gate  
  23  2:14  Adept  
  25  2:16  Mothership Core (Chrono Boost)  
  25  2:17  Pylon  
  27  2:30  Twilight Council  
  27  2:58  Stalker  
  27  3:01  Nexus  
  29  3:07  Pylon  
  29  3:10  Blink (Chrono Boost)  
  29  3:30  Stalker  
  31  3:34  Gateway  
  31  3:40  Gateway  
  31  3:45  Probe  
  32  3:54  Gateway  
  31  4:18  Robotics Facility  
  31  4:20  Probe  
  31  4:23  Stalker  
  35  4:34  Stalker  
  36  4:40  Stalker  
  38  4:50  Stalker  
  42  4:55  Stalker  
  42  4:59  Pylon  
  42  5:09  Adept x2  
  38  5:18  Stalker  
  36  5:23  Stalker x2  
  36  5:26  Stalker  
Tags
 
Add a new tag
Caveats
  • Supply blocks, unpowered buildings, or Contaminate may cause inaccurate times.
  • Supply counts are checked every 10 seconds.